AoeStats
← CmonBruh

Nomad

507676344Analyzed
4v4 RM · 12d ago on Sep 19, 2026· 49m 26s· 8 players
Game mode
Random Map
Map size
231×231
Population
200
Speed
Normal
Resources
Standard
Victory
Conquest
Starting age
Dark Age
Ending age
Imperial Age
RankedLock teamsTeams togetherTeam positionsShared explorationLock speedFull tech treeHidden civsTurbo modeCheats
Victory
Defeat
1465
+14
🇵🇸 Bengalis · Palestinian Territories
1423
+16
🇨🇳 Mongols · China
1417
+16
🇹🇼 Spanish · Taiwan
1382
+17
🇸🇪 Dravidians · Sweden
1469
-17
🇮🇳 Persians · India
1459
-18
🇹🇼 Vietnamese · Taiwan
1369
-14
🇭🇰 Japanese · Hong Kong SAR China
1365
-14
TTV:FreePalestine1995
5:07 Loom
13:18 Feudal Age
17:16 Castle Age
16:19 Double-Bit Axe
23:01 Fletching
23:08 Horse Collar
29:20 Bodkin Arrow
33:27 Wheelbarrow
33:14 Stone Mining
33:14 Gold Mining
33:16 Stone Mining
37:45 Imperial Age
36:28 Gold Shaft Mining
36:14 Bow Saw
37:11 Hand Cart
38:05 Ballistics
38:33 Bracer
39:42 Chemistry
39:35 Elite Elephant Archer
40:35 Padded Archer Armor
40:29 Elite Skirmisher
43:05 Leather Archer Armor
42:57 Siege Engineers
44:03 Bloodlines
43:53 Husbandry
44:42 Paiks
44:58 Conscription
44:15 Pikeman
44:55 Squires
46:01 Ring Archer Armor
46:02 Halberdier
46:43 Scale Mail Armor
46:54 Forging
46:59 Siege Elephant
48:37 Mahayana
48:50 Chain Mail Armor
49:15 Iron Casting
51:01 Blast Furnace
50:08 Scale Barding Armor
憂鬱的蛞蝓貓盪鞦韆
7:38 Loom
13:40 Feudal Age
17:32 Castle Age
20:27 Fletching
22:06 Bodkin Arrow
34:35 Wheelbarrow
38:03 Imperial Age
39:50 Chemistry
38:54 Bracer
39:34 Ballistics
39:47 Double-Bit Axe
41:05 Town Watch
43:25 Hand Cart
44:29 Conscription
45:14 Elite War Wagon
49:39 Husbandry
谢por
4:43 Loom
13:18 Feudal Age
17:51 Castle Age
15:38 Double-Bit Axe
15:59 Fishing Lines
16:47 Fletching
17:07 Forging
19:03 Bow Saw
20:58 Gillnets
22:13 Bodkin Arrow
27:07 Wheelbarrow
26:19 Town Watch
32:59 Imperial Age
32:07 Ballistics
31:55 Padded Archer Armor
31:16 Elite Skirmisher
32:52 Thumb Ring
33:55 Bracer
35:24 Chemistry
35:56 Hand Cart
37:28 Leather Archer Armor
38:47 Parthian Tactics
39:33 Scale Barding Armor
39:38 Forging
40:26 Drill
41:11 Elite Mangudai
44:22 Capped Ram
44:48 Sappers
46:03 Horse Collar
46:46 Chain Barding Armor
47:02 Iron Casting
46:24 Siege Ram
47:22 Nomads
47:42 Conscription
47:58 Hoardings
48:23 Coinage
47:55 Caravan
48:50 Fortified Wall
51:02 Blast Furnace
CmonBruh
6:28 Loom
14:02 Feudal Age
18:23 Castle Age
17:28 Padded Archer Armor
18:14 Double-Bit Axe
18:13 Horse Collar
26:44 Wheelbarrow
26:05 Gold Mining
28:40 Fishing Lines
30:56 Bow Saw
34:52 Imperial Age
33:46 Scale Mail Armor
33:53 Scale Barding Armor
34:27 Forging
34:55 Husbandry
35:06 Bloodlines
35:48 Gillnets
35:46 Cavalier
36:54 Chain Barding Armor
39:51 Two-Man Saw
38:55 Heavy Plow
40:41 Conscription
41:32 Plate Barding Armor
43:03 Fletching
44:13 Iron Casting
44:50 Hand Cart
45:59 Blast Furnace
47:09 Light Cavalry
49:08 Bodkin Arrow
arsenalchelsea2
6:20 Loom
12:26 Feudal Age
16:31 Castle Age
14:23 Double-Bit Axe
15:27 Gold Mining
16:40 Scale Barding Armor
17:10 Bow Saw
20:07 Horse Collar
24:38 Stone Mining
25:27 Wheelbarrow
36:04 Imperial Age
34:36 Hand Cart
35:44 Bloodlines
35:44 Cavalier
37:26 Chain Barding Armor
39:04 Plate Barding Armor
39:32 Heavy Plow
39:20 Town Watch
40:31 Gold Shaft Mining
41:12 Forging
42:19 Husbandry
44:17 Savar
46:45 Conscription
46:59 Light Cavalry
[UZN] Yen Lo
5:41 Loom
13:05 Feudal Age
19:17 Castle Age
20:32 Double-Bit Axe
21:42 Horse Collar
23:19 Bow Saw
25:03 Fletching
35:35 Imperial Age
33:43 Wheelbarrow
34:16 Ballistics
34:44 Fortified Wall
36:03 Bodkin Arrow
36:09 Padded Archer Armor
36:48 Bracer
40:39 Chemistry
Theodore
11:57 Loom
14:22 Feudal Age
16:08 Town Watch
19:11 Castle Age
25:39 Double-Bit Axe
25:35 Horse Collar
34:19 Imperial Age
34:11 Scale Mail Armor
34:22 Forging
37:36 Squires
40:22 Chain Mail Armor
40:42 Iron Casting
40:47 Fletching
42:46 Demolition Ship
46:05 Fishing Lines
Dunder
5:07 Loom
16:09 Feudal Age
17:43 Fishing Lines
20:33 Castle Age
18:26 Double-Bit Axe
18:26 Fishing Lines
21:58 Fletching
23:10 Bodkin Arrow
29:34 Man-at-Arms
30:28 Town Watch
31:20 Wheelbarrow
31:37 Horse Collar
32:42 Fortified Wall
33:25 Wheelbarrow
34:07 Ballistics
34:55 Hand Cart
35:56 Pikeman
36:37 Squires
36:41 Padded Archer Armor
36:43 Scale Mail Armor
36:53 Forging
38:09 Leather Archer Armor
38:32 Bow Saw
41:32 Imperial Age
39:38 Chain Mail Armor
39:20 Elite Skirmisher
42:29 Imperial Skirmisher
43:46 Conscription
44:28 Bracer
44:59 Ring Archer Armor
44:32 Halberdier
46:13 Coinage
48:33 Plate Mail Armor
48:14 Forging
48:34 Ring Archer Armor
Connection lost

Rejoining the realm…

Still unreachable

The connection could not be restored.

Session expired

The server has moved on; the page needs a fresh start.